[Event "*** Titled Tuesday Blitz"]
[Site "Chess.com"]
[Date "2018.07.03"]
[Round "10"]
[White "Arman_Hakemi"]
[Black "51616516516"]
[Result "0-1"]
[WhiteElo "2274"]
[BlackElo "2216"]
[TimeControl "180+2"]
[EndTime "15:11:16 PDT"]
[Termination "51616516516 won by checkmate"]

1. Nf3 Nf6 2. g3 g6 3. Bg2 Bg7 4. O-O O-O 5. d3 d6 6. c4 e5 7.
Nc3 Nc6 8. Rb1 a5 9. a3 Bf5 10. b4 axb4 11. axb4 Qd7 12. b5 Nd8 13. Re1 Bh3 14.
Bh1 h6 15. Nd2 Ng4 16. Nf1 f6 17. Nd5 f5 18. b6 c6 19. Nc7 Rc8 20. f3 Nf6 21. d4 exd4 22. Qxd4 Nd5 23. Qd3 Nxc7 24. bxc7 Rxc7 25. Bf4 Nf7 26. Red1 Rd8 27. c5 Ne5 28. Qxd6 Qxd6 29. cxd6 Rcd7 30. Ne3 b5 31. Bxe5 Bxe5 32. f4 Bxd6 33. Bxc6 Re7 34. Nd5 Rxe2 35. Rbc1 Bb8 36. Bxb5 Ba7+ 37. Kh1 Bg2# 0-1

[Event "*** Titled Tuesday Blitz"]
[Site "Chess.com"]
[Date "2018.07.03"]
[Round "10"]
[White "Yurovskykh_Oleksandr"]
[Black "morphy1984"]
[Result "0-1"]
[WhiteElo "2387"]
[BlackElo "2480"]
[TimeControl "180+2"]
[EndTime "15:11:44 PDT"]
[Termination "morphy1984 won by resignation"]

1. d4 e6 2. c4 b6 3. Nc3 Bb7 4.
a3 f5 5. Nf3 Nf6 6. g3 Be7 7.
Bg2 Ne4 8. Bd2 Bf6 9. O-O O-O 10. e3 d6 11. Nxe4 Bxe4 12. Bc3 Nd7 13. Nd2 Bxg2 14. Kxg2 Qe7 15. e4 c5 16. d5 Bxc3 17. bxc3 e5 18. f3 f4 19. g4 Rf6 20. Qe2 Rh6 21. Rh1 Nf8 22. Qf2 Ng6 23. h3 Nh4+ 24. Kf1 g5 25. a4 Rf6 26. Qe2 Qc7 27. Kf2 Rff8 28. Rhb1 Rfb8 29.
Qd1 Kf7 30. Rb5 Ng6 31. Rab1 Nf8 32. Qh1 Ng6 33. Ke2 Qd7 34. Qd1 Rc8 35. a5 bxa5 36.
Qa4 Rc7 37. Qxa5 Ne7 38. Rb8 Rxb8 39. Rxb8 Rc8 40. Rxc8 Nxc8 41. Qa6 Nb6 42. Kd3 Kf6 43. Nb3 Qa4 44. Qxa4 Nxa4 45. Na5 a6 46. Kc2 Nb6 47.
Nc6 Nxc4 48. Nb8 a5 49. Nc6 a4 50. Na7 a3 0-1

[Event "*** Titled Tuesday Blitz"]
[Site "Chess.com"]
[Date "2018.07.03"]
[Round "10"]
[White "Caterpiller35"]
[Black "Bad4life"]
[Result "0-1"]
[WhiteElo "2291"]
[BlackElo "2433"]
[TimeControl "180+2"]
[EndTime "15:12:02 PDT"]
[Termination "Bad4life won by resignation"]

1. d4 Nf6 2. Bg5 c5 3. d5 d6 4. Nc3 g6 5. Qd2 h6 6. Bh4 Bg7 7. e4 Nbd7 8. f4 a6 9. a4 Qa5 10. Ra3 O-O 11. Nf3 Re8 12. e5 dxe5 13. fxe5 Ng4 14.
e6 fxe6 15. dxe6 Nf8 16. Bd3 Bxe6 17. O-O Rad8 18. Qe2 c4 19. Bxg6 Qb6+ 20. Kh1 Nxg6 21. a5 Qd6 22. Bg3 Qd7 23. Ne4 Bd5 24. Raa1 Qc6 25.
Nc3 e6 26. h3 Nf6 27. Nd4 Bxg2+ 28. Qxg2 Qxg2+ 29. Kxg2 Rxd4 0-1

[Event "*** Titled Tuesday Blitz"]
[Site "Chess.com"]
[Date "2018.07.03"]
[Round "10"]
[White "Swarnapuri"]
[Black "Genghis_K"]
[Result "1-0"]
[WhiteElo "2602"]
[BlackElo "2696"]
[TimeControl "180+2"]
[EndTime "15:12:15 PDT"]
[Termination "Swarnapuri won by resignation"]

1. d4 Nf6 2. Bf4 g6 3. e3 Bg7 4.
Nf3 d6 5. Be2 Nh5 6. Bg5 h6 7.
Bh4 g5 8. Nfd2 Nf4 9. exf4 gxh4 10. c3 c5 11. dxc5 dxc5 12. Na3 Nc6 13. Nac4 Bf5 14. Ne3 Bd7 15. Qb3 Qb6 16. Ndc4 Qxb3 17. axb3 O-O-O 18. Bf3 Kb8 19. Ke2 e5 20. f5 Bf6 21. Be4 Bg5 22. Na5 Nxa5 23. Rxa5 b6 24. Raa1 Bxe3 25. Kxe3 Rhg8 26. g3 f6 27. Rhd1 Bc8 28. gxh4 Rxd1 29. Rxd1 Kc7 30. f4 exf4+ 31. Kxf4 a6 32. Bd5 Re8 33.
Be4 Rg8 34. b4 a5 35. bxc5 bxc5 36. Rd5 Bb7 37. Rxc5+ Kd6 38. Rxa5 Bxe4 39. Kxe4 Rg4+ 40. Kf3 Rxh4 41. Kg3 Re4 42. Ra6+ Kd5 43. Rxf6 h5 44. Re6 Rg4+ 45. Kf3 Rg5 46. Kf4 Rg4+ 47. Kf3 Rg5 48. Re4 Rxf5+ 49. Rf4 Rg5 50. b4 Rg1 51.
c4+ 1-0

[Event "*** Titled Tuesday Blitz"]
[Site "Chess.com"]
[Date "2018.07.03"]
[Round "10"]
[White "2Tilted"]
[Black "GameOverBro"]
[Result "0-1"]
[WhiteElo "2293"]
[BlackElo "2440"]
[TimeControl "180+2"]
[EndTime "15:12:21 PDT"]
[Termination "GameOverBro won by resignation"]

1. d4 d6 2. Nf3 Nf6 3. c4 Nbd7 4. Nc3 e5 5. e4 Be7 6. Be2 O-O 7. O-O c6 8. Rb1 a5 9. Re1 Re8 10. Bf1 Qc7 11. a3 Bf8 12. b4 axb4 13. axb4 exd4 14. Nxd4 Ne5 15. f4 Ng6 16. h3 h5 17. g3 d5 18. e5 Ne4 19. Nxe4 dxe4 20. Rxe4 c5 21.
Nb5 Qc6 22. Bg2 cxb4 23. Qxh5 Ra2 24. Re2 Qxc4 25. Rxa2 Qxa2 26. Be4 Bc5+ 27. Kh1 Qf2 28. Bb2 Qxg3 29. Rg1 Qxh3+ 30. Qxh3 Bxh3 31. Rg3 Nxf4 32. e6 Rxe6 33. Rxg7+ Kf8 34. Bh7 Re1+ 35. Kh2 Re2+ 36.
Kg3 Nh5+ 37. Kxh3 Nxg7 0-1

[Event "*** Titled Tuesday Blitz"]
[Site "Chess.com"]
[Date "2018.07.03"]
[Round "10"]
[White "andrzej"]
[Black "champ2005"]
[Result "0-1"]
[WhiteElo "2214"]
[BlackElo "2686"]
[TimeControl "180+2"]
[EndTime "15:12:27 PDT"]
[Termination "champ2005 won by checkmate"]

1. e4 c6 2. d4 d5 3. Nd2 dxe4 4.
Nxe4 Bf5 5. Ng3 Bg6 6. h4 h6 7. Nf3 Nd7 8. h5 Bh7 9. Bd3 Bxd3 10. Qxd3 e6 11. Bd2 Ngf6 12. O-O-O Be7 13. Kb1 O-O 14. Ne4 Nxe4 15. Qxe4 Nf6 16. Qe2 Qd5 17. Be3 Qb5 18. c4 Qf5+ 19. Ka1 c5 20. Bc1 Rfe8 21. Ne5 Rad8 22. g4 Qe4 23. Qxe4 Nxe4 24. Be3 cxd4 25. Rxd4 Rxd4 26. Bxd4 Rd8 27. Be3 Bf6 28. f4 Rc8 29.
Rc1 a6 30. Nd7 Be7 31. a3 Rd8 32. Ne5 Bc5 33. Bxc5 Nxc5 34. Ka2 Rd2 35. Rf1 Na4 36. Kb3 Nxb2 37. f5 exf5 38. Rxf5 Re2 39. Nxf7 Nd1 40. g5 b6 41. g6 Rb2+ 42. Ka4 Nc3# 0-1

[Event "*** Titled Tuesday Blitz"]
[Site "Chess.com"]
[Date "2018.07.03"]
[Round "10"]
[White "Ravan_02"]
[Black "Mikhail_Golubev"]
[Result "1-0"]
[WhiteElo "2473"]
[BlackElo "2408"]
[TimeControl "180+2"]
[EndTime "15:12:34 PDT"]
[Termination "Ravan_02 won on time"]

1. Nf3 d6 2. g3 g6 3. Bg2 Bg7 4. O-O e5 5. c4 Nc6 6. Nc3 f5 7. d3 h6 8. Nd5 Be6 9. Nd2 Qd7 10. Rb1 Nd8 11. b4 c6 12. Nc3 Nf6 13. a4 O-O 14. b5 c5 15. a5 Rc8 16. Nd5 Bxd5 17. cxd5 Nf7 18. Nc4 g5 19. f4 gxf4 20. gxf4 e4 21. Bb2 Rce8 22. Kh1 Nh5 23. Bxg7 Nxg7 24. dxe4 fxe4 25.
e3 Nf5 26. Qg4+ Kh7 27. Bh3 Nh8 28. Rg1 Rf6 29. Nxd6 Qxd6 30. Qxf5+ Rxf5 31. Bxf5+ Ng6 32. Bxg6+ Qxg6 33. Rxg6 Kxg6 34. b6 a6 35. Rc1 Rc8 36. d6 Kf6 37. d7 1-0

[Event "*** Titled Tuesday Blitz"]
[Site "Chess.com"]
[Date "2018.07.03"]
[Round "10"]
[White "Grebeniuk-S"]
[Black "volodja49"]
[Result "1-0"]
[WhiteElo "2469"]
[BlackElo "2473"]
[TimeControl "180+2"]
[EndTime "15:12:35 PDT"]
[Termination "Grebeniuk-S won on time"]

1. d4 d5 2. c4 e6 3. Nc3 Nf6 4. Bg5 Nbd7 5. cxd5 exd5 6. e3 c6 7. Qc2 Be7 8. Bd3 O-O 9. Nge2 Re8 10. O-O Nf8 11. Rae1 Ng4 12. Bf4 Bd6 13. h3 Bxf4 14.
Nxf4 Nf6 15. f3 g5 16. Nfe2 Rxe3 17. Qd2 Qe7 18. Kf2 Re6 19. Qxg5+ Ng6 20. Nf4 Rxe1 21. Rxe1 Qd6 22. Bxg6 hxg6 23. h4 Bf5 24. Re5 Nh7 25.
Qh6 Nf8 26. Rxf5 Qb4 27. Re5 Qxd4+ 28. Re3 Re8 29. Nfe2 Qd2 30. Nb1 1-0

[Event "*** Titled Tuesday Blitz"]
[Site "Chess.com"]
[Date "2018.07.03"]
[Round "10"]
[White "CarlssonLudvig"]
[Black "Orest_Vovk"]
[Result "0-1"]
[WhiteElo "2132"]
[BlackElo "2250"]
[TimeControl "180+2"]
[EndTime "15:12:37 PDT"]
[Termination "Orest_Vovk won by checkmate"]

1. Nf3 h6 2. d4 g5 3. e4 Bg7 4. h3 c5 5. dxc5 Qa5+ 6. Bd2 Qxc5 7. Bc3 Bxc3+ 8. Nxc3 Nc6 9. Qd5 Qb4 10. Qb3 Nf6 11. Qxb4 Nxb4 12. O-O-O d6 13. a3 Nc6 14. Bb5 Bd7 15. Rhe1 a6 16. Bf1 g4 17. hxg4 Nxg4 18. Rd2 Rc8 19. b3 Rg8 20. Kb2 Nce5 21. Nxe5 Nxe5 22.
f3 Be6 23. Ne2 h5 24. Nf4 h4 25. a4 Ng6 26. Nxg6 Rxg6 27. Bd3 Rg3 28. Rh1 h3 29.
gxh3 Rxf3 30. h4 Kd7 31. h5 Rh8 32. e5 Bf5 33. Bxf5+ Rxf5 34. exd6 exd6 35. h6 Rh7 36. Rg2 Rf6 37. Rgh2 Rg6 38. Rf2 Ke7 39. Re1+ Re6 40. Rxe6+ fxe6 41. Rg2 Kf6 42. Rd2 d5 43. Rf2+ Kg5 44.
Re2 Rxh6 45. Kc3 Kf6 46. Kd4 b6 47. Rf2+ Ke7 48. a5 bxa5 49. Kc5 Rh4 50. Kb6 a4 51. Kxa6 a3 52. c3 Rh3 53. Ka5 Rxc3 54. Ka4 d4 55.
Kxa3 e5 56. Kb4 Kd6 57. Rd2 Kd5 58. Re2 e4 59. Rh2 e3 60. Rh5+ Ke4 61. Rh4+ Kd3 62. Rh3 Rc8 63. Ka3 Kd2 64. Kb2 d3 65. b4 e2 66. Rh2 Kd1 67. b5 e1=Q 68. b6 Qb4+ 69. Ka1 Ra8+ 70. Ra2 Rxa2+ 71. Kxa2 Kc2 72. b7 Qb2# 0-1

[Event "*** Titled Tuesday Blitz"]
[Site "Chess.com"]
[Date "2018.07.03"]
[Round "10"]
[White "Margency"]
[Black "dreamist"]
[Result "1-0"]
[WhiteElo "2669"]
[BlackElo "2599"]
[TimeControl "180+2"]
[EndTime "15:12:39 PDT"]
[Termination "Margency won by checkmate"]

1. e4 c5 2. Nf3 g6 3. d4 cxd4 4. Qxd4 Nf6 5. Nc3 Nc6 6. Qa4 Qc7 7. Nd5 Nxd5 8. exd5 Ne5 9. Be2 Nxf3+ 10. Bxf3 Bg7 11. O-O O-O 12. Re1 d6 13. c3 Bf6 14. Bh6 Rd8 15. Re2 Bd7 16. Qf4 Bb5 17. Re3 Be5 18. Qh4 Bc4 19. b3 Bb5 20. Rae1 f6 21. Bg4 g5 22.
Be6+ Kh8 23. Qg4 Bd7 24. h4 Bxe6 25. Qxe6 Rg8 26. hxg5 Rg6 27. Rh3 fxg5 28. Qf7 g4 29. Rh5 Rag8 30. Bf4 R6g7 31. Bxe5 dxe5 32. Qf5 g3 33.
fxg3 Rxg3 34. Qxh7# 1-0

[Event "*** Titled Tuesday Blitz"]
[Site "Chess.com"]
[Date "2018.07.03"]
[Round "10"]
[White "RiskyDecision"]
[Black "Passacaglia23"]
[Result "0-1"]
[WhiteElo "2500"]
[BlackElo "2330"]
[TimeControl "180+2"]
[EndTime "15:12:42 PDT"]
[Termination "Passacaglia23 won by checkmate"]

1. d4 d5 2. c4 c6 3. cxd5 cxd5 4. Bf4 Nc6 5. e3 Nf6 6. Nc3 a6 7. Be2 e6 8. Nf3 Bd6 9. Bxd6 Qxd6 10. O-O b5 11.
Rc1 O-O 12. a3 Na5 13. Ne5 Bb7 14. Bf3 Rac8 15. b4 Nc4 16. Nxc4 Rxc4 17. Be2 Rc6 18.
Na2 Nd7 19. Rxc6 Qxc6 20. Qd2 Nb6 21. Rc1 Nc4 22. Qc3 Rc8 23. Bd3 g6 24. Qe1 Qd6 25. Rc3 Ra8 26. Nc1 Qd8 27. Nb3 a5 28. Bxc4 axb4 29.
axb4 dxc4 30. Nc5 Bc6 31. Rc1 Qd5 32. f3 Ra2 33. Ra1 Rxg2+ 34. Kxg2 Qxf3+ 35. Kg1 Qg2# 0-1

[Event "*** Titled Tuesday Blitz"]
[Site "Chess.com"]
[Date "2018.07.03"]
[Round "10"]
[White "Drags95"]
[Black "Spring199"]
[Result "1/2-1/2"]
[WhiteElo "2596"]
[BlackElo "2202"]
[TimeControl "180+2"]
[EndTime "15:12:43 PDT"]
[Termination "Game drawn by repetition"]

1. d4 d5 2. c4 e6 3. Nc3 Bb4 4. Nf3 Nf6 5. cxd5 exd5 6. Bf4 O-O 7. g3 c5 8. Bg2 Nc6 9. O-O Be6 10. a3 Bxc3 11. bxc3 Ne4 12. Qc1 Qa5 13. dxc5 Nxc3 14. Qd2 Ne4 15. Qxa5 Nxa5 16. Ng5 Nxc5 17. Rab1 Rfc8 18.
Rfd1 h6 19. Nf3 Ne4 20. Be5 b6 21. Bd4 Nc6 22. Ba1 Na5 23. Nd2 Nxd2 24. Rxd2 Nc4 25. Rd3 Rd8 26. Rc1 Rac8 27. h4 b5 28. Bd4 a5 29. Bf3 Rb8 30. Kg2 b4 31. axb4 axb4 32. Rb3 Na5 33. Rb2 b3 34. Rc3 Rb5 35. e3 Rdb8 36. Be2 Nc4 37. Bxc4 dxc4 38. e4 f6 39. f4 Ra5 40. f5 Bf7 41. Kf3 Ra2 42. Rxa2 bxa2 43. Ra3 Rb3+ 44. Rxb3 cxb3 45. e5 fxe5 46.
Bxe5 Kf8 47. g4 g6 48. fxg6 Bxg6 49. h5 Bc2 50. Kf4 Kf7 51. Bb2 Bd1 52. g5 hxg5+ 53. Kxg5 Kg8 54. h6 Kh7 55. Bg7 Bc2 56. Kf4 Kg8 57.
Ke3 Kf7 58. Kd2 Ke6 59. Kc1 Kd5 60. Kb2 Kc4 61. Ka1 Bh7 62. Bb2 Kd3 63. Bc1 Kc2 64. Bb2 Bg6 65. Bf6 Bh7 66. Bb2 Kd3 67. Ba3 Kc4 68.
Bb2 Kb4 69. Bc1 Bc2 70. Bb2 Bh7 71. Bc1 Kc4 72. Bb2 Kd3 73. Bc1 Kc2 74. Bb2 Kd1 75.
Ba3 Kd2 76. Bb2 Kc2 77. Ba3 Bg6 78. Bb2 Be4 79. Ba3 Bh7 80. Bb2 Kd2 81. Ba3 Kd3 82. Bb2 Kc4 83. Ba3 Kd5 84. Bb2 Ke6 85. Ba3 Kf7 86. Bb2 Kg6 87. Bc1 Kh5 88. Bd2 Kg4 89. Bc1 Kf3 90. Bd2 Ke2 91. Bc1 Kd3 92. Bb2 Ke3 93. Ba3 Kd3 94. Bb2 Kc2 95. Ba3 Kd2 96. Bb2 Kd1 97. Ba3 Kc2 98. Bb2 1/2-1/2

[Event "*** Titled Tuesday Blitz"]
[Site "Chess.com"]
[Date "2018.07.03"]
[Round "10"]
[White "BillForster"]
[Black "tgpgoat"]
[Result "0-1"]
[WhiteElo "1717"]
[BlackElo "1963"]
[TimeControl "180+2"]
[EndTime "15:12:49 PDT"]
[Termination "tgpgoat won by resignation"]

1. d4 Nf6 2. c4 e6 3. g3 d5 4. Bg2 Be7 5. Nf3 O-O 6. O-O c6 7. b3 Nbd7 8. Bb2 b6 9. Nc3 Bb7 10. Rc1 Rc8 11. Rc2 c5 12. dxc5 Nxc5 13. cxd5 Nxd5 14.
Nxd5 Qxd5 15. Qa1 Nxb3 16. Qb1 Nc5 17. Ne1 Qd7 18. Nf3 Be4 19. Ne5 Bxc2 20. Nxd7 Bxb1 21. Nxf8 Bxa2 22. Ra1 Bc4 23. Nxh7 Kxh7 24. Rxa7 Bf6 25. Bxf6 gxf6 26. Rxf7+ Kg6 27. Ra7 Bxe2 28. h4 b5 29. Ra2 Bc4 30. Rd2 b4 31. Bf3 b3 32.
h5+ Kg7 33. Kh2 Nd3 34. Be4 b2 35. Bxd3 Bxd3 36. Rxb2 Rc2 37. Rb7+ Kh6 38. Kg2 Kxh5 39. Rb6 e5 40. Rxf6 Kg5 41. Rf8 e4 42. Rg8+ Kf6 43. Rf8+ Ke7 44. Rf4 e3 45. Rd4 e2 46.
Rxd3 e1=Q 0-1

[Event "*** Titled Tuesday Blitz"]
[Site "Chess.com"]
[Date "2018.07.03"]
[Round "10"]
[White "joejan"]
[Black "GMMatamoros"]
[Result "0-1"]
[WhiteElo "2253"]
[BlackElo "2519"]
[TimeControl "180+2"]
[EndTime "15:12:54 PDT"]
[Termination "GMMatamoros won by resignation"]

1. e4 c5 2. Nc3 Nc6 3. f4 g6 4.
Nf3 Bg7 5. Bc4 e6 6. f5 Nge7 7. fxe6 fxe6 8. a3 d5 9. Ba2 O-O 10. d3 Kh8 11. O-O Qd6 12. Qe1 Nd4 13. Qh4 Nxf3+ 14.
Rxf3 Rxf3 15. gxf3 d4 16. Ne2 Nc6 17. Bh6 Bd7 18. Rf1 Rf8 19. f4 e5 20. fxe5 Nxe5 21. Rxf8+ Qxf8 22. Bxg7+ Kxg7 23. Qg3 Qf6 24. Nf4 Kh6 25.
Nd5 Qg5 26. Qxg5+ Kxg5 27. Kf2 h5 28. b4 cxb4 29. axb4 b6 30. Bb3 Be6 31. Kg3 h4+ 32. Kf2 Bxd5 33. Bxd5 a5 34. bxa5 bxa5 35. Bb3 Kf4 36.
h3 g5 37. Be6 a4 38. Ba2 a3 39. Be6 g4 40. hxg4 Nxg4+ 41. Kg2 Ne3+ 42. Kh3 Nxc2 43. Kxh4 Nb4 44. Kh5 a2 45. Bxa2 Nxa2 46. Kg6 Ke5 0-1

[Event "*** Titled Tuesday Blitz"]
[Site "Chess.com"]
[Date "2018.07.03"]
[Round "10"]
[White "Last7Samurai"]
[Black "NguyenDucHoa"]
[Result "1-0"]
[WhiteElo "2620"]
[BlackElo "2524"]
[TimeControl "180+2"]
[EndTime "15:12:55 PDT"]
[Termination "Last7Samurai won on time"]

1. e4 c5 2. c3 d5 3. exd5 Qxd5 4. d4 e6 5. Nf3 Nf6 6. a3 Be7 7.
Bd3 O-O 8. O-O Rd8 9. Be3 Nc6 10.
Qe2 b6 11. Nbd2 Bb7 12. Rad1 cxd4 13. cxd4 Rac8 14. h3 h6 15. Bc4 Qh5 16. Rc1 Na5 17.
Ba6 Qd5 18. Bxb7 Qxb7 19. Ne5 Rxc1 20. Rxc1 Rc8 21. Rxc8+ Qxc8 22. Ndf3 a6 23. b4 Nc6 24. Nxc6 Qxc6 25. Qxa6 Nd5 26. Qd3 b5 27. Ne5 Qa6 28.
Bd2 Bd6 29. Nd7 Qa4 30. g3 Qd1+ 31. Kh2 h5 32. h4 g6 33. Ne5 Nf6 34. Qf3 1-0

[Event "*** Titled Tuesday Blitz"]
[Site "Chess.com"]
[Date "2018.07.03"]
[Round "10"]
[White "GMKrikor"]
[Black "Triumphmate"]
[Result "1-0"]
[WhiteElo "2613"]
[BlackElo "2237"]
[TimeControl "180+2"]
[EndTime "15:12:56 PDT"]
[Termination "GMKrikor won by resignation"]

1. d4 Nf6 2. c4 e6 3. Nf3 d5 4. Bg5 Bb4+ 5. Nbd2 h6 6. Bxf6 Qxf6 7. Qa4+ Nc6 8. e3 O-O 9. O-O-O a6 10. Qc2 Be7 11. Kb1 Bd7 12. a3 dxc4 13. Nxc4 Rfc8 14. Bd3 Bd6 15.
Be4 Be8 16. g4 b5 17. Nce5 Nxe5 18. dxe5 Bxe5 19. Bxa8 Rxa8 20. Qe4 Bxb2 21. Qxa8 Ba1 22. Qxe8+ Kh7 23. Nd4 Bc3 24. Qc6 b4 25. axb4 Bxb4 26. Qe4+ g6 27. Nxe6 Ba3 28. Rd2 fxe6 29. Rd7+ Kg8 30.
Qc2 Bd6 31. Rd1 e5 32. R1xd6 cxd6 33. Qc8+ 1-0

[Event "*** Titled Tuesday Blitz"]
[Site "Chess.com"]
[Date "2018.07.03"]
[Round "10"]
[White "canwedoit"]
[Black "bugsbunny444"]
[Result "0-1"]
[WhiteElo "2492"]
[BlackElo "2395"]
[TimeControl "180+2"]
[EndTime "15:13:02 PDT"]
[Termination "bugsbunny444 won by resignation"]

1. b3 d5 2. Bb2 Nf6 3. e3 e6 4. f4 g6 5. Nf3 Bg7 6. Be2 O-O 7.
O-O c5 8. d3 Ng4 9. Bxg7 Kxg7 10.
Qc1 d4 11. e4 Nc6 12. Na3 Ne3 13. Re1 Qc7 14. g3 e5 15. f5 gxf5 16. Nc4 f4 17. gxf4 exf4 18. Kh1 Kh8 19. c3 Bg4 20. cxd4 Bxf3+ 21. Bxf3 cxd4 22. Qb2 Rad8 23. Nxe3 fxe3 24. Rxe3 Ne5 25. Rc1 Qe7 26. Re2 Nxf3 27. Rf2 Ne5 28. Qe2 Rc8 29. Rcf1 Rg8 30. Rf6 Rg6 31. R6f5 Rcg8 32.
Qh5 Rg5 33. Qh3 Qe6 34. Qh4 Qg6 35. Qf2 Rg2 36. Qe1 Rxh2+ 0-1

[Event "*** Titled Tuesday Blitz"]
[Site "Chess.com"]
[Date "2018.07.03"]
[Round "10"]
[White "abubakrtagelsir"]
[Black "sergeikim"]
[Result "1/2-1/2"]
[WhiteElo "2444"]
[BlackElo "2413"]
[TimeControl "180+2"]
[EndTime "15:13:03 PDT"]
[Termination "Game drawn by repetition"]

1. e4 e5 2. Nf3 Nc6 3. d4 exd4 4. Nxd4 Bc5 5. Nb3 Bb6 6. Nc3 Nf6 7. Bg5 h6 8. Bh4 d6 9. Qe2 g5 10. Bg3 Qe7 11.
O-O-O Be6 12. f3 O-O-O 13. Kb1 Rhe8 14. h4 d5 15. hxg5 hxg5 16. e5 Nd7 17. Nxd5 Bxd5 18. Rxd5 Ndxe5 19. c4 Nd4 20. Nxd4 Bxd4 21. Qe4 Rxd5 22.
cxd5 Qb4 23. Qc2 a6 24. a3 Qb6 25. Bxe5 Bxe5 26. Bc4 Kb8 27. Qb3 Qxb3 28. Bxb3 Bd6 29. Rc1 Re2 30. Rc2 Re1+ 31. Ka2 f6 32. a4 Ka7 33.
Bc4 Kb6 34. Bb3 Be5 35. Bc4 Ka5 36. Bb3 Kb4 37. Rc4+ Ka5 38. Re4 Rg1 39. Re2 Kb4 40. Re4+ Kc5 41. Rc4+ Kd6 42. Rc2 Re1 43. Rd2 Rg1 44.
Re2 Kc5 45. Rd2 Kb4 46. Rc2 b5 47. axb5 axb5 48. Re2 Kc5 49. Rd2 Kb4 50. Rc2 Bd6 51. Re2 Be5 52. Re4+ Kc5 53. Re2 Kb4 54.
Re4+ Kc5 55. Re2 Kb4 56. Re4+ 1/2-1/2

[Event "*** Titled Tuesday Blitz"]
[Site "Chess.com"]
[Date "2018.07.03"]
[Round "10"]
[White "SamCopeland"]
[Black "DishonorOnYourCow"]
[Result "0-1"]
[WhiteElo "1964"]
[BlackElo "2234"]
[TimeControl "180+2"]
[EndTime "15:13:03 PDT"]
[Termination "DishonorOnYourCow won by resignation"]

1. e4 c5 2. Nf3 d6 3. d4 cxd4 4. Nxd4 Nf6 5. Nc3 a6 6. Bg5 e6 7. f4 Qc7 8. Qf3 b5 9. O-O-O b4 10. Nce2 Nbd7 11. g4 Bb7 12. Ng3 Be7 13. Bd3 Rc8 14.
h4 h6 15. Bxf6 Bxf6 16. Nde2 Nc5 17. g5 Be7 18. Nh5 Kf8 19. Rdg1 hxg5 20. hxg5 Nxd3+ 21. Qxd3 Qc4 22. Qxc4 Rxc4 23. Nhg3 Rxh1 24. Rxh1 Kg8 25. b3 Rc8 26. Rd1 d5 27. e5 a5 28. Nd4 Rc3 29.
Rd3 Rxd3 30. cxd3 Bc5 31. Nge2 Kh7 32. Kd2 Kg6 33. Nf3 Kf5 34. d4 Be7 35. Ke3 Ba6 36. Nh4+ Kg4 37. Ng2 Bxe2 38. Kxe2 Kg3 39. Kf1 Bd8 40.
g6 fxg6 41. Ne3 Kxf4 42. Ke2 Bb6 43. Kd3 g5 44. Ng2+ Kf3 45. Ne3 g4 46. Nf1 g3 47.
Nd2+ Kf4 48. Ke2 0-1

[Event "*** Titled Tuesday Blitz"]
[Site "Chess.com"]
[Date "2018.07.03"]
[Round "10"]
[White "VerdeNotte"]
[Black "Kimster98"]
[Result "1-0"]
[WhiteElo "2615"]
[BlackElo "2516"]
[TimeControl "180+2"]
[EndTime "15:13:04 PDT"]
[Termination "VerdeNotte won on time"]

1. d4 Nf6 2. Bg5 Ne4 3. h4 d5 4. Nd2 Nxd2 5. Qxd2 h6 6. Bf4 Bf5 7. Nf3 e6 8. h5 Bd6 9. e3 Be4 10. Bd3 Bxf3 11. gxf3 Bxf4 12. exf4 Qd6 13. O-O-O Nd7 14. Rhg1 Nf6 15. f5 O-O-O 16. Rxg7 Qf8 17. Rg2 Nxh5 18.
Rh1 Nf6 19. fxe6 fxe6 20. Rg6 h5 21. Qg5 Nd7 22. f4 Qf7 23. f5 exf5 24. Rxh5 Rxh5 25.
Qxh5 f4 26. Qf5 Rf8 27. Qg4 Qe7 28. Re6 Qf7 29. c3 c6 30. Rg6 Qe7 31. Rg7 Qe1+ 32. Kc2 Qxf2+ 33. Kb3 Rd8 34. Bf5 Qf1 35. Rxd7 1-0

[Event "*** Titled Tuesday Blitz"]
[Site "Chess.com"]
[Date "2018.07.03"]
[Round "10"]
[White "murmah2003"]
[Black "Alopekos"]
[Result "1-0"]
[WhiteElo "2603"]
[BlackElo "2430"]
[TimeControl "180+2"]
[EndTime "15:13:05 PDT"]
[Termination "murmah2003 won by resignation"]

1. Nf3 Nf6 2. c4 e6 3. Nc3 d5 4. d4 c5 5. cxd5 Nxd5 6. e4 Nxc3 7. bxc3 cxd4 8. cxd4 Bb4+ 9. Bd2 Bxd2+ 10. Qxd2 O-O 11.
Bc4 b6 12. O-O Bb7 13. Rfe1 Nd7 14. Rad1 Rc8 15. Bb3 Nf6 16. d5 exd5 17. exd5 Rc5 18. d6 Bd5 19. Qf4 h6 20. Nd4 Bxb3 21. axb3 Nh5 22.
Qf3 Qxd6 23. b4 Re5 24. Nf5 Rxe1+ 25. Rxe1 Qxb4 26. Rd1 g6 27. Nxh6+ Kg7 28. Ng4 Qf4 29.
Qc3+ Kh7 30. h3 Qf5 31. Qa3 Re8 32. Qxa7 Re6 33. Ne3 Qf6 34. Rd7 Kg7 35. Qa3 Kh6 36. Qf8+ Kh7 37. Rxf7+ 1-0

[Event "*** Titled Tuesday Blitz"]
[Site "Chess.com"]
[Date "2018.07.03"]
[Round "10"]
[White "Goala"]
[Black "Keures"]
[Result "1-0"]
[WhiteElo "2417"]
[BlackElo "2150"]
[TimeControl "180+2"]
[EndTime "15:13:15 PDT"]
[Termination "Goala won on time"]

1. d4 Nf6 2. c4 c5 3. d5 b5 4. cxb5 a6 5. bxa6 g6 6. Nc3 Bxa6 7. Nf3 Bg7 8. g3 d6 9. Bg2 O-O 10. O-O Nbd7 11. Rb1 Ne8 12. Qc2 Nc7 13. Rd1 Nb6 14.
e4 Qd7 15. b3 Nb5 16. Bb2 Nd4 17. Nxd4 cxd4 18. Na4 Nxa4 19. bxa4 d3 20. Qd2 Qxa4 21. Bxg7 Kxg7 22. h4 Rfc8 23. h5 Rc2 24. h6+ Kf8 25. Qf4 Qxa2 26. e5 Qc4 27. Be4 Re2 28. exd6 Qxe4 29.
dxe7+ Kxe7 30. d6+ Ke6 31. Qc1 Rd8 32. d7 Bb7 33. Rb6+ Kf5 34. Rxb7 Qxb7 35. Rxd3 Re7 36. Qf4+ 1-0

[Event "*** Titled Tuesday Blitz"]
[Site "Chess.com"]
[Date "2018.07.03"]
[Round "10"]
[White "Blitzstream"]
[Black "Mbneu"]
[Result "1-0"]
[WhiteElo "2512"]
[BlackElo "2272"]
[TimeControl "180+2"]
[EndTime "15:13:22 PDT"]
[Termination "Blitzstream won by resignation"]

1. d4 d5 2. Bf4 e6 3. e3 Bd6 4. Bd3 Ne7 5. Nf3 Nf5 6. O-O Nd7 7. Nbd2 O-O 8. Bxf5 exf5 9. Bxd6 cxd6 10. Rc1 Nf6 11. c4 dxc4 12. Nxc4 Be6 13. Qb3 Rb8 14. Qa3 Ne4 15.
Rfd1 Bd5 16. Nfd2 Qh4 17. Nxe4 Qxe4 18. f3 Qe6 19. Nxd6 Rfd8 20. Nb5 Qg6 21. Kf2 Bc6 22. Nxa7 Ra8 23. Nxc6 bxc6 24. Qc3 Qh5 25. Kg1 Rd6 26. a3 Rh6 27. h3 Rg6 28. Kf1 Rg3 29. Rd2 Rc8 30.
d5 c5 31. d6 f4 32. e4 Rxh3 33.
gxh3 Qxh3+ 34. Rg2 Qh1+ 35. Kf2 Qh4+ 36. Ke2 g6 37. d7 Rd8 38. Rd1 Qh3 39. Rf2 Qe6 40.
Qxc5 Qa6+ 41. Ke1 1-0

[Event "*** Titled Tuesday Blitz"]
[Site "Chess.com"]
[Date "2018.07.03"]
[Round "10"]
[White "Mimsychess"]
[Black "ChessMavenYeti"]
[Result "0-1"]
[WhiteElo "2274"]
[BlackElo "2211"]
[TimeControl "180+2"]
[EndTime "15:13:35 PDT"]
[Termination "ChessMavenYeti won by resignation"]

1. e4 e6 2. d4 d5 3. Nd2 c5 4. Ngf3 cxd4 5. Nxd4 Nc6 6. Bb5 Bd7 7. Nxc6 Bxc6 8. Bxc6+ bxc6 9. O-O g6 10. Qe2 Bg7 11. c4 Ne7 12. Nf3 dxe4 13. Qxe4 O-O 14. Bg5 Qc7 15.
Bf4 Qb6 16. Be5 f6 17. Bd6 Rf7 18. Qxe6 Qxb2 19. Rab1 Qxa2 20. Rb7 Bf8 21. Bxe7 Re8 22. h4 c5 23. h5 Rxe7 24. Rxe7 Bxe7 25. Rd1 gxh5 26.
Rd7 Kf8 27. Rb7 Qa1+ 28. Kh2 a5 29. g3 Qd1 30. Kg2 Qd6 31. Qf5 a4 32. Ra7 Bd8 33.
Qxh5 Rxa7 34. Qh6+ Kg8 35. Qe3 Be7 36. Nh4 Bf8 37. Nf5 Qc6+ 38. Kh2 a3 39. Qf4 a2 40. Qg4+ Kh8 41. Qh4 a1=Q 42. Qh5 Qe5 0-1